 Dungeon Crawl Stone Soup version 0.25-a0-44-g29a1220a87 (webtiles) character file.

Game seed: 14465958811332603506, levelgen mode: deterministic

100 Iscandelvey the Vexing (level 4, -1/33 HPs)
             Began as a Demonspawn Arcane Marksman on Oct 23, 2019.
             Hit by a boomerang thrown by an orc (5 damage)
             ... on level 1 of the Dungeon.
             The game lasted 00:09:42 (1595 turns).

Iscandelvey the Vexing (Demonspawn Arcane Marksman) Turns: 1595, Time: 00:09:43

Health: -1/33      AC:  4    Str: 10    XL:     4   Next: 47%
Magic:  1/6        EV: 13    Int: 15    God:
Gold:   164        SH:  0    Dex: 16    Spells: 3/6 levels left

rFire    . . .     SeeInvis .   a - +0 hunting sling
rCold    . . .     Gourm    .   (no shield)
rNeg     . . .     Faith    .   e - +0 robe
rPois    .         Spirit   .   m - +0 helmet
rElec    .         Reflect  .   (no cloak)
rCorr    .         Harm     .   i - +0 pair of gloves
MR       .....                  (no boots)
Stlth    ++........             (no amulet)
HPRegen  0.11/turn              (no ring)
MPRegen  0.10/turn              (no ring)

@: no status effects
A: thin skeletal structure 1, powered by death 1
a: no special abilities


You were on level 1 of the Dungeon.
You were hungry.

You visited 1 branch of the dungeon, and saw 2 of its levels.

You collected 164 gold pieces.

Inventory:

Hand Weapons
 a - a +0 hunting sling (weapon)
 j - a +0 dagger
Missiles
 p - 5 boomerangs (quivered)
Armour
 e - a +0 robe (worn)
 i - a +0 pair of gloves (worn)
 m - a +0 helmet (worn)
Wands
 u - a wand of random effects (40)
 w - a wand of polymorph (6)
Scrolls
 b - 4 scrolls of identify {unknown}
 h - 4 scrolls of remove curse {unknown}
 k - a scroll of fog {unknown}
 l - a scroll of fear {unknown}
 n - 2 scrolls of enchant armour {unknown}
 o - a scroll of immolation {unknown}
 r - 2 scrolls of amnesia {unknown}
 s - a scroll of teleportation {unknown}
 t - a scroll of magic mapping {unknown}
Potions
 c - a potion of heal wounds {unknown}
 g - 3 potions of curing {unknown}
 v - 2 potions of ambrosia {unknown}
Comestibles
 f - 2 rations


   Skills:
 + Level 1.7 Fighting
 - Level 2.0(2.3) Slings
 * Level 1.6(2.1) Throwing
 + Level 2.2 Dodging
 + Level 1.6 Spellcasting
 + Level 3.7 Hexes


You had 3 spell levels left.
You knew the following spells:

 Your Spells              Type           Power        Failure   Level  Hunger
a - Corona                Hex            ##.....      4%          1    ##.....
b - Slow                  Hex            ##......     8%          2    ###....

Your spell library contained the following spells:

 Spells                   Type           Power        Failure   Level  Hunger
 Inner Flame              Hex/Fire       #.......     32%         3    ####...
 Portal Projectile        Hex/Tloc       #.....       32%         3    ####...
 Cause Fear               Hex            ##........   43%         4    #####..
 Leda's Liquefaction      Hex/Erth       #.........   71%         4    #####..


Dungeon Overview and Level Annotations

Branches:
Dungeon (2/15)

Altars:
Xom


Innate Abilities, Weirdness & Mutations

You have a somewhat thin skeletal structure. (Dex +2, Stealth)
You regenerate a little health from kills.


Message History

Casting: Slow (safe; 8% risk of failure)
Confirm with . or Enter, or press ? or * to list all spells.
Aiming: Slow (safe; 8% risk of failure)
Press: ? - help, Shift-Dir - straight line, f/p - orc
Aim: an orc, wielding a +0 hand axe and wearing a +0 chain mail (moderately wounded, chance to defeat MR: 66%)
The orc struggles to resist.
The orc hits you with a +0 hand axe.
The orc throws a boomerang.
The boomerang hits you.
The weapon returns to the orc!
The orc throws a boomerang.
The boomerang hits you but does no damage.
The weapon returns to the orc!
Throwing (i - inventory)
p - 5 boomerangs (quivered)
Press: ? - help, Shift-Dir - straight line, f/p - orc
Aim: an orc, wielding a +0 hand axe and wearing a +0 chain mail (moderately wounded)
You throw a boomerang. The boomerang barely misses the orc.
The orc throws a boomerang.
The boomerang hits you!
* * * LOW HITPOINT WARNING * * *
The weapon returns to the orc!
The orc throws a boomerang.
The boomerang hits you.
You die...

#.##.##.# #....##.#
#.#####.# #.#####.#
#.......# ###.....###
........#
##..###.#################
#..#..)........@...o)..#
#..#.#.###############.#
#......# #.### ##.....#
#...# ###.### ###.# #.#
#.# #.############## #.#
##......#.......# #.#
####.......#.......#
##.##


You could see an orc.

Vanquished Creatures
  An orc priest (D:2)
  2 adders (D:2)
  An ooze (D:1)
  A dart slug (D:1)
  A worm (D:2)
  2 leopard geckos (D:1)
  5 bats
  2 giant cockroaches (D:2)
  4 goblins
  4 hobgoblins
  5 jackals
  4 kobolds
  4 frilled lizards
  6 rats
42 creatures vanquished.

Notes
Turn   | Place    | Note
-------+----------+-------------------------------------------
     0 | D:1      | Iscandelvey the Demonspawn Arcane Marksman began the quest
                  | for the Orb.
     0 | D:1      | Reached XP level 1. HP: 15/15 MP: 2/2
   244 | D:1      | Gained mutation: You regenerate a little health from kills.
                  | [demonic ancestry]
   244 | D:1      | Reached XP level 2. HP: 21/21 MP: 3/3
   323 | D:1      | Learned a level 2 spell: Slow
   746 | D:1      | Gained mutation: You have a somewhat thin skeletal
                  | structure. (Dex +2, Stealth) [demonic ancestry]
   746 | D:1      | Reached XP level 3. HP: 26/26 MP: 4/4
   858 | D:2      | Reached skill level 1 in Throwing
  1256 | D:2      | Found a shimmering altar of Xom.
  1408 | D:2      | Reached XP level 4. HP: 27/32 MP: 2/6
  1595 | D:1      | Hit by a boomerang thrown by an orc

Levels and vault maps discovered:
D:1:      nzn_arrival_crosshair, layout_loops_cross, st_stairs_7,
          kennysheep_pointless_box, patterned_corridor
D:2:      cheibrodos_pilgrimage, layout_rooms, xom_butterflies

Skill      XL: |  1  2  3 |
---------------+----------+-----
Slings         | 2 |  2.0
Dodging        | 2 |  2.2
Throwing       | 1 |  1.6
Fighting       | |  1.7
Spellcasting   | |  1.6
Hexes          | |  3.7

Action                   |  1- 3 |  4- 6 || total
-------------------------+-------+-------++-------
 Fire: Hunting sling     |   101 |     9 ||   110
Throw: Boomerang         |     2 |    13 ||    15
 Cast: Slow              |     3 |     6 ||     9
       Corona            |     1 |       ||     1
  Eat: Chunk             |     1 |     1 ||     2
Armor: Robe              |    13 |     3 ||    16
Dodge: Dodged            |    29 |     8 ||    37

Table legend:
 A = Non-vault XP
 B = Vault XP
 C = Vault XP percentage of total XP
 D = Non-vault monster count
 E = Vault monster count
 F = Vault count percentage of total count
                 A         B        C        D         E       F
            +---------+---------+-------+---------+---------+-------
      Total |      99 |      45 |  31.2 |      39 |       3 |   7.1
            +---------+---------+-------+---------+---------+-------
        D:1 |      47 |       2 |   4.1 |      22 |       2 |   8.3
        D:2 |      52 |      43 |  45.3 |      17 |       1 |   5.6
            +---------+---------+-------+---------+---------+-------
